 Dungeon Crawl Stone Soup version 0.16.2-12-gd0ad4c3 (webtiles) character file.

138 pipel the Skirmisher (level 5, 0/46 HPs)
             Began as a Mummy Wanderer on Sept 29, 2015.
             Slain by Sigmund
             ... wielding a +0 scythe
              (2 damage)
             ... on level 3 of the Dungeon.
             The game lasted 00:09:49 (2324 turns).

pipel the Skirmisher (Mummy Wanderer)               Turns: 2324, Time: 00:09:49

Health: 0/46       AC:  5    Str: 14    XL:     5   Next: 1%
Magic:  5/5        EV: 11    Int:  9    God:
Gold:   106        SH:  0    Dex: 15    Spells: 0 memorised, 4 levels left

rFire  x . .     SeeInvis .     a - +2 hand axe (chop)
rCold  + . .     Clarity  .     c - +0 ring mail
rNeg   + + +     SustAb   .     (no shield)
rPois  ∞         Gourm    .     (no helmet)
rElec  .         Spirit   .     (no cloak)
rCorr  .         Warding  .     (no gloves)
rMut   .         Stasis   .     (no boots)
MR     .....                    (no amulet)
Stlth  +.........               (no ring)
                                (no ring)

@: not resistant to hostile enchantments, very unstealthy
A: no food or potions, fire vulnerability, restore body, cold resistance 1,
negative energy resistance 3, poison resistance, torment resistance, unbreathing
a: no special abilities


You were on level 3 of the Dungeon.
You were not hungry.

You visited 1 branch of the dungeon, and saw 3 of its levels.

You collected 106 gold pieces.

Inventory:

Hand weapons
 a - a +2 hand axe of chopping (weapon)
 b - a +2 blowgun
 i - a +0 spear
Missiles
 e - 15 poisoned needles
 g - 20 stones (quivered)
 h - 3 curare-tipped needles
Armour
 c - a +0 ring mail (worn)
Magical devices
 d - a wand of random effects (37)
 j - a wand of magic darts (28)
Scrolls
 f - a scroll of amnesia
 k - 2 scrolls of remove curse
 l - 2 scrolls of recharging
 m - a scroll of identify


   Skills:
 + Level 5.7 Fighting
   Level 1.0 Maces & Flails
 - Level 0.5 Polearms
 - Level 1.1 Throwing
 + Level 2.3 Armour
 + Level 1.7 Dodging
 - Level 1.0 Stealth
 - Level 0.1 Unarmed Combat
 + Level 1.0 Evocations


You had 4 spell levels left.
You didn't know any spells.

Dungeon Overview and Level Annotations

Branches:
Dungeon (3/15)

Altars:

Annotations:
D:3 Sigmund


Innate Abilities, Weirdness & Mutations

You do not eat or drink.
Your flesh is vulnerable to fire.
Your flesh is cold resistant.
You are immune to negative energy.
Your system is resistant to poisons.
You are immune to unholy pain and torment.
You can survive without breathing.


Message History

The goblin misses you. Something hits you. Something hits you!
* * * LOW HITPOINT WARNING * * *
The goblin hits you with a club.
* * * LOW HITPOINT WARNING * * *
Evoke which item? (* to show all) (? for menu, Esc to quit)
Zapping:
d - a wand of random effects (39)
Press: ? - help, Shift-Dir - straight line, f - goblin
Aim: a goblin, wielding a club The bolt of negative energy hits the goblin.
The goblin is drained!
You kill the goblin!
This wand has 38 charges left.
Something hits you!
* * * LOW HITPOINT WARNING * * *
Evoke which item? (* to show all) (? for menu, Esc to quit)
Zapping:
d - a wand of random effects (38)
Press: ? - help, Shift-Dir - straight line, f - you Nothing appears to happen.
This wand has 37 charges left.
Something hits you.
You die...

#.# #.# #....... #.#
#.# ###.###. # #.#
#.#####.# #. #.##.##
#.#.....###.
.#...####...........
#........###.###.###.
...##.........# #.
#.##.....)#######.
#@##..............
#)##.......######
#{###...##.#
#...{....#.#
####!.....#.
#.....#.## #....##.#
#.#.## # #.#.#


There were no monsters in sight!

Vanquished Creatures
  An iguana (D:3)
  5 adders
  A giant mite (D:2)
  A worm (D:2)
  An orc (D:3)
  3 goblins
  6 hobgoblins
  5 jackals
  4 quokkas
  4 ball pythons
  4 bats
  5 giant cockroaches
  4 giant newts
  4 kobolds (D:2)
  5 rats
53 creatures vanquished.

Notes
Turn   | Place    | Note
--------------------------------------------------------------
     0 | D:1      | pipel, the Mummy Wanderer, began the quest for the Orb.
     0 | D:1      | pipel set off with: 3 curare-tipped needles, a +2 blowgun, a +0 ring mail, a wand of random effects (15)
     0 | D:1      | Reached XP level 1. HP: 21/21 MP: 1/1
   626 | D:1      | Reached XP level 2. HP: 21/27 MP: 2/2
  1075 | D:2      | Reached XP level 3. HP: 28/33 MP: 3/3
  1173 | D:2      | Reached skill level 1 in Dodging
  1641 | D:2      | Reached XP level 4. HP: 15/39 MP: 4/4
  2264 | D:3      | Reached XP level 5. HP: 44/46 MP: 5/5
  2304 | D:3      | Noticed Sigmund
  2323 | D:3      | HP: 2/46 [something (8)]
  2324 | D:3      | Slain by Sigmund

Action                   |  1- 3 |  4- 6 || total
-------------------------+-------+-------++-------
Melee: Unarmed           |    74 |       ||    74
       Spear             |    97 |    28 ||   125
       Hand axe          |       |    14 ||    14
 Fire: Blowgun           |    11 |     9 ||    20
Throw: Stone             |     3 |    10 ||    13
Evoke: Wand              |       |     8 ||     8
  Use: Scroll            |     3 |     2 ||     5
